Map: 10000 Feet LE

Players

Vreyer

  • Race: Protoss Protoss
  • League: Master
  • Spawn Location: 11:00

A.I. 2 (Very Easy) - Winner!

  • Race: Terran Terran
  • Spawn Location: 5:00

VOD

Have the link to the VOD?

Description

for me

Time

  • Played on: Nov. 14, 2025, 6:30 p.m.
  • Length: 6:03
Show
View Real Time Build Order
Export as new Build Order

Vreyer Protoss 

Build Orders: 1 Gate Expand, Blink Stalkers 

Get SALT Encoding   

  12  0:00  Probe  
  13  0:12  Probe  
  14  0:17  Pylon  
  14  0:26  Probe  
  15  0:35  Probe, Gateway  
  16  0:43  Probe  
  17  0:53  Probe  
  18  0:57  Assimilator  
  18  1:15  Nexus  
  18  1:25  Cybernetics Core  
  18  1:26  Probe  
  19  1:35  Probe  
  20  1:40  Assimilator  
  20  1:44  Probe  
  21  1:48  Pylon  
  20  1:56  Probe  
  20  1:59  Adept  
  21  2:05  Warp Gate  
  23  2:08  Probe  
  24  2:20  Probe  
  25  2:23  Adept  
  25  2:24  Probe  
  28  2:32  Probe x2  
  30  2:37  Twilight Council  
  30  2:42  Probe  
  31  2:44  Probe  
  32  2:54  Probe  
  32  2:57  Probe  
  34  2:59  Blink  
  34  3:02  Gateway  
  34  3:05  Robotics Facility  
  34  3:06  Probe  
  34  3:09  Probe  
  36  3:18  Probe  
  37  3:21  Probe  
  37  3:26  Pylon  
  38  3:30  Probe  
  38  3:33  Probe  
  40  3:40  Pylon  
  40  3:42  Probe  
  40  3:45  Probe  
  42  3:54  Probe  
  43  3:57  Probe  
  43  3:58  Gateway  
  43  3:59  Stalker x2  
  43  4:01  Warp Prism  
  50  4:06  Probe  
  51  4:17  Nexus  
  51  4:20  Pylon  
  51  4:26  Stalker  
  51  4:27  Stalker  
  55  4:33  Assimilator  
  55  5:01  Stalker x3  
  61  5:11  Gateway  
  61  5:12  Gateway  
  61  5:13  Gateway  
  61  5:18  Gateway  
  61  5:20  Gateway  
  61  5:24  Forge, Robotics Bay  
  61  5:32  Stalker x2  
  61  5:33  Pylon  
  61  5:34  Stalker  
  68  5:35  Probe  
  68  5:37  Probe  
  68  5:40  Probe  
  70  5:47  Probe  
  70  5:49  Probe  
Show
View Real Time Build Order
Export as new Build Order

A.I. 2 (Very Easy) Terran - Winner!

Build Orders:  

Get SALT Encoding   

  12  0:00  SCV  
  13  0:13  SCV  
  14  0:18  Supply Depot  
  14  0:36  Refinery  
  14  0:42  Barracks  
  14  1:03  Supply Depot  
  14  1:12  Refinery  
  14  1:29  Marine  
  14  1:30  Orbital Command  
  15  1:48  Barracks Tech Lab  
  15  1:55  SCV  
  16  2:08  SCV  
  17  2:11  Marine  
  18  2:20  SCV  
  19  2:32  SCV  
  21  2:44  SCV  
  21  2:53  Marauder  
  21  2:56  SCV  
  22  3:34  Marine  
  23  4:15  Marine  
  24  5:51  Supply Depot  
Tags
 
Composition
Blink Stalkers
League
Master
Matchup
PvT
Spawn Locations
Cross Positions
Add a new tag
Caveats
  • Supply blocks, unpowered buildings, or Contaminate may cause inaccurate times.
  • Supply counts are checked every 10 seconds.